 Dungeon Crawl Stone Soup version 0.31-a0-185-g9dded2c639 (webtiles) character file.

Game seed: 391561805677283878

110 qw the Skirmisher (level 4, -2/25 HPs)
             Began as a Deep Elf Hunter on June 22, 2023.
             Killed by nerve-wracking pain
             ... invoked by an orc priest
              (14 damage)
             ... on level 3 of the Dungeon.
             The game lasted 00:00:27 (1441 turns).

qw the Skirmisher (Deep Elf Hunter)                 Turns: 1441, Time: 00:00:28

Health: -2/25      AC:  6    Str: 10    XL:     4   Next: 61%
Magic:  6/6        EV: 11    Int: 14    God:
Gold:   111        SH:  0    Dex: 18    Spells: 3/3 levels left

rFire   . . .        Y - +0 shortbow (freeze)
rCold   . . .        (shield currently unavailable)
rNeg    . . .        h - +1 ring mail
rPois   .            (no helmet)
rElec   .            (no cloak)
rCorr   .            (no gloves)
SInv    .            (no boots)
Will    .....        (no amulet)
Stlth   +            (no ring)
HPRegen 0.24/turn    (no ring)
MPRegen 0.10/turn

%: no passive effects
@: no status effects
A: no striking features
a: no special abilities


You were on level 3 of the Dungeon.
You visited 1 branch of the dungeon, and saw 3 of its levels.

You collected 111 gold pieces.


   Skills:
 - Level 1.5 Fighting
 + Level 8.0 Ranged Weapons
 - Level 2.4 Dodging
 - Level 1.2 Stealth


You had 3 spell levels left.
You didn't know any spells.
Your spell library was empty.

Inventory:

Hand Weapons
 Y - a +0 shortbow of freezing (weapon)
Armour
 h - a +1 ring mail (worn)
Jewellery
 b - a ring of see invisible
Potions
 a - a potion of lignification {unknown}
 f - a potion of curing
 g - a potion of heal wounds {unknown}

Dungeon Overview and Level Annotations

Branches:
Dungeon (3/15)

Altars:

Shops:
D:1 ?


Message History

Enter note:
Enter note:
Enter note:
Enter note:
Enter note:
Enter note: Done exploring.
(D) Dungeon
Where to? (* - list waypoints, Enter - D:2, ? - help)
What level of the Dungeon? (default 1, ? - help)
There is an open door here.
There is a stone staircase leading down here.
You climb downwards.
There is a stone staircase leading up here.
Waypoint 2 assigned to D:3.
b - a ring of see invisible An orc priest comes into view.
It is wielding a +0 rapier.
You shoot an arrow. The orc priest shouts!
The arrow hits the orc priest but does no damage.
You hear an angry hiss.
You shoot an arrow.
The arrow hits the orc priest but does no damage.
You shoot an arrow.
The arrow hits the orc priest but does no damage.
You shoot an arrow. The arrow hits the orc priest!
The arrow freezes the orc priest.
The orc priest is heavily wounded.
The orc priest closely misses you.
You shoot an arrow. The arrow hits the orc priest.
The arrow freezes the orc priest.
The orc priest is severely wounded.
The orc priest calls down the wrath of Beogh upon you.
Beogh smites you!
Ouch! That really hurt!
You shoot an arrow. The arrow barely misses the orc priest.
The orc priest calls down the wrath of Beogh upon you.
Pain shoots through your body!
Ouch! That really hurt!
You die...

#...........#
#...####...##
##.## ##.##
#.# #.# #.#
#.# #.# #..
#.# ### #.#
#@# ......o.#
#########


You could see an orc priest.

Vanquished Creatures
  Jessica (D:2)
  2 adders (D:2)
  3 gnolls (D:2)
  A worm (D:2)
  A dart slug (D:2)
  4 endoplasms
  3 goblins
  A hobgoblin (D:1)
  4 kobolds
  4 quokkas (D:1)
  5 ball pythons
  2 bats
  3 rats
34 creatures vanquished.

Notes
Turn   | Place    | Note
-------+----------+-------------------------------------------
     0 | D:1      | qw the Deep Elf Hunter began the quest for the Orb.
     0 | D:1      | Reached XP level 1. HP: 12/12 MP: 3/3
     0 | D:1      | 0 ||| qw: Version: 0.3-a-9-g12657ce
     0 | D:1      | 0 ||| qw: Game counter: 1772
     0 | D:1      | 0 ||| qw: Always use a shield: true
     0 | D:1      | 0 ||| qw: God list: Okawaru
     0 | D:1      | 0 ||| qw: Allow faded altars: false
     0 | D:1      | 0 ||| qw: Do Orc after D:15 true
     0 | D:1      | 0 ||| qw: Do second Lair branch before Depths: true
     0 | D:1      | 0 ||| qw: Lair rune preference: random
     0 | D:1      | 0 ||| qw: Plans: Normal
     0 | D:1      | 0 ||| PLANNING D:1-11
   139 | D:1      | Found Utzuabli's Magic Scroll Emporium.
   149 | D:1      | 149 ||| SHOPLISTING scroll of identify (28 gold, have 20).
   149 | D:1      | 149 ||| SHOPLISTING scroll of teleportation (42 gold, have
                  | 20).
   294 | D:1      | Reached XP level 2. HP: 16/16 MP: 4/4
   320 | D:1      | Reached skill level 6 in Ranged Weapons
   814 | D:1      | 814 ||| UPGRADING to +0 scale mail.
   824 | D:1      | 824 ||| DROPPING +0 leather armour.
   825 | D:1      | 825 ||| UPGRADING to +0 ring mail.
   835 | D:1      | 835 ||| DROPPING +0 scale mail.
   836 | D:1      | 836 ||| READING scroll labelled ICERETADALL.
   837 | D:1      | 837 ||| READING scroll labelled ZIASAN TUVE.
   838 | D:1      | 838 ||| READING scroll labelled XILASA OGODE.
   839 | D:1      | 839 ||| DRINKING 2 orange potions.
   840 | D:1      | 840 ||| DROPPING scroll of butterflies.
   951 | D:2      | Reached XP level 3. HP: 20/20 MP: 5/5
   954 | D:2      | Reached skill level 7 in Ranged Weapons
  1029 | D:2      | Noticed Jessica
  1031 | D:2      | Killed Jessica
  1032 | D:2      | Reached XP level 4. HP: 25/25 MP: 6/6
  1067 | D:2      | Reached skill level 8 in Ranged Weapons
  1244 | D:2      | 1244 ||| READING scroll of enchant armour.
  1244 | D:2      | 1244 ||| ENCHANTING +0 ring mail.
  1351 | D:2      | 1351 ||| READING scroll labelled VOXYOB IHOTWI.
  1441 | D:3      | Killed from afar by an orc priest

Levels and vault maps discovered:
D:1:      saegor_arrival_simple_e, layout_loops_corners, serial_shops, shop,
          minmay_octomino_j4
D:2:      layout_basic, minmay_misc_feat_iff, uniq_jessica
D:3:      layout_loops_ring, amethyst_overflow_temple_binary

Skill      XL: |  1  2  3  4 |
---------------+-------------+-----
Ranged Weapons | 6 7 8 |  8.0
Fighting       | |  1.5
Dodging        | |  2.4
Stealth        | |  1.2

Action                     |  1- 3 |  4- 6 || total
---------------------------+-------+-------++-------
   Fire: Shortbow          |    63 |    28 ||    91
    Use: Scroll            |     3 |     2 ||     5
         Potion            |     1 |       ||     1
 Armour: Leather armour    |     3 |       ||     3
         Ring mail         |     5 |     1 ||     6
  Dodge: Dodged            |     3 |     7 ||    10

Table legend:
 A = Non-vault XP
 B = Vault XP
 C = Vault XP percentage of total XP
 D = Non-vault monster count
 E = Vault monster count
 F = Vault count percentage of total count
                 A         B        C        D         E       F
            +---------+---------+-------+---------+---------+-------
      Total |     116 |      42 |  26.6 |      30 |       4 |  11.8
            +---------+---------+-------+---------+---------+-------
        D:1 |      24 |       5 |  17.2 |      15 |       3 |  16.7
        D:2 |      92 |      37 |  28.7 |      15 |       1 |   6.2
            +---------+---------+-------+---------+---------+-------
